 Dungeon Crawl Stone Soup version 0.27.1-3-gb3d3a73c9e (webtiles) character file.

Game seed: 5552922041751356468

341 Borgoz the Skirmisher (level 6, -5/60 HPs)
             Began as a Gargoyle Berserker on Oct 9, 2021.
             Was a Believer of Trog.
             Slain by an ogre (17 damage)
             ... on level 4 of the Dungeon.
             The game lasted 00:02:50 (2861 turns).

Borgoz the Skirmisher (Gargoyle Berserker)          Turns: 2861, Time: 00:02:51

Health: -5/60      AC: 13    Str: 20    XL:     6   Next: 56%
Magic:  6/6        EV: 11    Int:  8    God:    Trog [**....]
Gold:   149        SH:  0    Dex: 11    Spells: 5/5 levels left

rFire    . . .     SeeInvis .   a - +0 mace
rCold    . . .     Faith    .   (no shield)
rNeg     + . .     Spirit   .   e - +0 ring mail
rPois    ∞         Reflect  .   (no helmet)
rElec    +         Harm     .   (no cloak)
rCorr    .         Rampage  .   i - +0 pair of gloves
Will     .....                  h - +1 pair of boots
Stlth    ..........             (no amulet)
HPRegen  0.20/turn              (no ring)
MPRegen  0.10/turn              (no ring)

@: berserking, very quick
A: sickness immunity, AC +4, negative energy resistance 1, electricity
resistance, torment resistance 1, petrification resistance
a: Renounce Religion, Berserk, Trog's Hand


You were on level 4 of the Dungeon.
You worshipped Trog.
Trog was pleased with you.
You visited 1 branch of the dungeon, and saw 4 of its levels.

You collected 149 gold pieces.

Inventory:

Hand Weapons
 a - a +0 mace (weapon)
Armour
 e - a +0 ring mail (worn)
 h - a +1 pair of boots (worn)
 i - a +0 pair of gloves (worn)
Scrolls
 b - 2 scrolls of enchant weapon {unknown}
 d - 3 scrolls of enchant armour
 f - a scroll of identify {unknown}
Potions
 c - 2 potions of haste {unknown}
 g - a potion of ambrosia {unknown}


   Skills:
 + Level 4.8 Fighting
 + Level 4.4 Maces & Flails
 + Level 4.1 Armour
 + Level 3.0 Dodging


You had 5 spell levels left.
You didn't know any spells.
Your spell library was empty.

Dungeon Overview and Level Annotations

Branches:
Dungeon (4/15)
 Temple: D:4-7

Altars:
Gozag


Innate Abilities, Weirdness & Mutations

You are immune to sickness and miasma.
Your stone body is resilient. (AC +4)
You are immune to poison.
You resist negative energy. (rN+)
You are resistant to electric shocks. (rElec)
You are resistant to unholy torment.
You are immune to petrification.


Message History

The hound skeleton is moderately damaged.
The hound skeleton barely misses you.
You thump the hound skeleton!
The hound skeleton is severely damaged.
The hound skeleton barely misses you. The hound skeleton closely misses you.
You hit the hound skeleton.
You destroy the hound skeleton!
Trog accepts your kill.
No target in view!
No target in view!
No target in view!
No target in view!
No target in view!
No target in view!
No target in view!
No target in view!
No target in view!
No target in view!
Found an opulent altar of Gozag.
An ogre comes into view. It is wielding a +0 giant spiked club.
Found 3 scrolls labelled MUMPUT CORU.
The ogre moves out of view.
A red film seems to cover your vision as you go berserk!
You feel yourself moving faster!
You feel mighty!
The ogre hits you with a +0 giant spiked club!
You barely miss the ogre.
The ogre hits you with a +0 giant spiked club!!
You are too injured to fight recklessly!
You are too injured to fight recklessly!
You are too injured to fight recklessly!
You are too injured to fight recklessly!
You sock the ogre!
The ogre is heavily wounded.
You barely miss the ogre.
The ogre is heavily wounded.
The ogre hits you with a +0 giant spiked club!
* * * LOW HITPOINT WARNING * * *
You hit the ogre.
The ogre is heavily wounded.
The ogre hits you with a +0 giant spiked club!
You die...

#.# .... #..
... ##?##..
#.....#
#.....#
#.....#
#.....####
#.@O.....#
#.######.#
#.# #.# #.#
.# #.# .# #.#
###.###
#.####.....##
#...#.8...8.#


You could see an ogre.

Vanquished Creatures
  A centaur (D:3)
  A jelly (D:4)
  A centaur skeleton (D:3)
  2 orc wizards (D:3)
  Terence (D:2)
  2 hound skeletons
  5 adders
  2 worms
  4 orcs
  5 endoplasms
  7 goblins
  5 hobgoblins
  12 kobolds
  A quokka (D:1)
  7 ball pythons
  2 bats (D:1)
  3 frilled lizards (D:2)
  2 rats
63 creatures vanquished.

Vanquished Creatures (others)
  A bat (D:3)
  9 plants (D:1)
10 creatures vanquished.

Grand Total: 73 creatures vanquished

Notes
Turn   | Place    | Note
-------+----------+-------------------------------------------
     0 | D:1      | Borgoz the Gargoyle Berserker began the quest for the Orb.
     0 | D:1      | Reached XP level 1. HP: 14/14 MP: 1/1
   502 | D:1      | Found a faded altar of an unknown god.
   547 | D:1      | Reached XP level 2. HP: 19/19 MP: 2/2
  1022 | D:1      | Reached XP level 3. HP: 24/24 MP: 3/3
  1137 | D:1      | Reached ** piety under Trog
  1560 | D:2      | Reached XP level 4. HP: 29/29 MP: 4/4
  1571 | D:2      | Noticed Terence
  1579 | D:2      | Killed Terence
  1874 | D:2      | Reached XP level 5. HP: 33/33 MP: 5/5
  2693 | D:3      | Noticed a centaur
  2707 | D:3      | Killed a centaur
  2708 | D:3      | Reached XP level 6. HP: 38/39 MP: 6/6
  2827 | D:4      | Found an opulent altar of Gozag.
  2861 | D:4      | Slain by an ogre

Illustrated notes

Levels and vault maps discovered:
D:1:      onia_arrival_mini_maze_b, layout_loops_ring,
          ebering_ecumenical_altar_box, serial_bayou_crossing
D:2:      layout_rooms, uniq_terence
D:3:      layout_rooms
D:4:      layout_basic, grunt_gozag_statues, serial_shops, nicolae_diamond_shop,
          ebering_dispersal_statue_hall, hangedman_abyss_or_decor_slice

Skill      XL: |  1  2  3  4  5  6 |
---------------+-------------------+-----
Dodging        | 2 3 |  3.0
Fighting       | 4 |  4.8
Armour         | 3 4 |  4.1
Maces & Flails | 4 |  4.4

Action                   |  1- 3 |  4- 6 || total
-------------------------+-------+-------++-------
Melee: Mace              |   125 |   121 ||   246
Invok: Berserk           |     1 |     4 ||     5
       Trog's Hand       |       |     2 ||     2
  Use: Scroll            |       |     1 ||     1
Armor: Animal skin       |     5 |       ||     5
       Ring mail         |    64 |    76 ||   140
Dodge: Dodged            |    81 |    74 ||   155
